[ AOE2 MATCH · #484222412 ]
UnrankedBohemians vs Spanish
[ REPLAY ANALYSIS · EXTRACTED FROM THE RECORDED GAME ]
Feudal
10:55
Castle
16:07
Imperial
33:17
| APM avg | 33.5 |
| APM peak | 68 |
| eAPM avg | 17.1 |
| Villagers / military | 73 / 59 |
Focus
⚔️ 22.5% · 🌾 77.5%
Skirmisher ×31 · Hand Cannoneer ×18 · Knight ×4 · Monk ×3 · Spearman ×2 · Mangonel ×1
Feudal
—
Castle
—
Imperial
—
| APM avg | 30.7 |
| APM peak | 59 |
| eAPM avg | 12.1 |
| Villagers / military | 78 / 72 |
Focus
⚔️ 20.8% · 🌾 79.2%
Skirmisher ×48 · Conquistador ×20 · Petard ×2 · Trebuchet (Packed) ×2
Feudal
11:47
Castle
16:35
Imperial
28:17
| APM avg | 14.7 |
| APM peak | 42 |
| eAPM avg | 10.0 |
| Villagers / military | 62 / 27 |
Focus
⚔️ 18.5% · 🌾 81.5%
Spearman ×12 · Knight ×8 · Teutonic Knight ×6 · Monk ×1
Feudal
9:48
Castle
16:19
Imperial
—
| APM avg | 34.0 |
| APM peak | 91 |
| eAPM avg | 20.2 |
| Villagers / military | 120 / 56 |
Focus
⚔️ 20.8% · 🌾 79.2%
Knight ×35 · Teutonic Knight ×13 · Petard ×5 · Monk ×2 · Scout Cavalry ×1
Match map
Initial resources + every placement click. Lines = walls · curves = elevation contours. ◆ gold · ⬟ stone · ● berries · ✦ relic · ◌ wall gap
Your base· ✓ Closed at 16:07 · 0t walls · 2 gate(s)
XT FeN1x's base· ✓ Closed at 12:30 · 0t walls · 2 gate(s)
van_gonzo's base· ✓ Closed at 16:35 · 0t walls · 2 gate(s)
Ansscar's base· ✓ Closed at 16:19 · 0t walls · 2 gate(s)
Smoothed initial terrain · ◌ = detected wall gap · hover for details
Inputs per minute
— Kick90s - - XT FeN1x
Build order — Kick90s
First 150 of 221 actions detected
| 0:02 | Create | Villager (Male) |
| 0:02 | Create | Villager (Male) |
| 0:02 | Create | Villager (Male) |
| 0:03 | Create | Villager (Male) |
| 0:04 | Build | House |
| 0:06 | Build | House |
| 1:29 | Create | Villager (Male) |
| 1:49 | Build | Lumber Camp |
| 1:52 | Create | Villager (Male) |
| 2:34 | Create | Villager (Male) |
| 3:00 | Create | Villager (Male) |
| 3:10 | Create | Villager (Male) |
| 3:46 | Create | Villager (Male) |
| 3:53 | Build | House |
| 4:22 | Build | Mill |
| 4:24 | Create | Villager (Male) |
| 4:46 | Create | Villager (Male) |
| 5:06 | Create | Villager (Male) |
| 5:09 | Create | Villager (Male) |
| 5:38 | Create | Villager (Male) |
| 5:57 | Create | Villager (Male) |
| 6:30 | Create | Villager (Male) |
| 6:42 | Build | House |
| 7:30 | Create | Villager (Male) |
| 7:36 | Build | Lumber Camp |
| 7:42 | Create | Villager (Male) |
| 7:43 | Create | Villager (Male) |
| 8:27 | Create | Villager (Male) |
| 8:35 | Build | Mining Camp |
| 8:42 | Research | Feudal Age |
| 8:52 | Build | Farm |
| 8:53 | Build | Farm |
| 8:53 | Build | Farm |
| 9:29 | Build | House |
| 10:08 | Build | Farm |
| 10:55 | Age | Feudal Age |
| 10:57 | Create | Villager (Male) |
| 10:58 | Create | Villager (Male) |
| 10:59 | Create | Villager (Male) |
| 11:08 | Build | Blacksmith |
| 11:14 | Build | Farm |
| 11:26 | Build | Barracks |
| 11:28 | Create | Villager (Male) |
| 11:50 | Create | Villager (Male) |
| 12:16 | Build | Farm |
| 12:24 | Build | Stable |
| 12:30 | Build | Archery Range |
| 12:43 | Build | Farm |
| 12:54 | Create | Villager (Male) |
| 13:23 | Research | Castle Age |
| 13:43 | Research | Double-Bit Axe |
| 14:15 | Build | House |
| 14:24 | Create | Spearman |
| 15:24 | Create | Spearman |
| 15:44 | Build | Farm |
| 15:48 | Build | House |
| 15:57 | Build | Archery Range |
| 16:07 | Age | Castle Age |
| 16:10 | Build | University |
| 16:18 | Build | Monastery |
| 16:23 | Create | Villager (Male) |
| 16:24 | Create | Villager (Male) |
| 16:24 | Research | Loom |
| 16:33 | Create | Villager (Male) |
| 16:36 | Build | Town Center |
| 16:53 | Build | Farm |
| 17:06 | Research | Chemistry |
| 17:14 | Create | Monk |
| 17:21 | Build | Stable |
| 17:25 | Build | House |
| 17:29 | Create | Villager (Male) |
| 17:45 | Research | Horse Collar |
| 18:07 | Create | Monk |
| 18:11 | Create | Knight |
| 18:31 | Create | Villager (Male) |
| 18:32 | Create | Villager (Male) |
| 18:44 | Build | House |
| 18:59 | Create | Hand Cannoneer |
| 18:59 | Create | Hand Cannoneer |
| 18:59 | Create | Hand Cannoneer |
| 19:01 | Create | Hand Cannoneer |
| 19:08 | Create | Villager (Male) |
| 19:12 | Build | Farm |
| 19:15 | Build | Farm |
| 19:18 | Create | Villager (Male) |
| 19:58 | Create | Hand Cannoneer |
| 19:58 | Create | Hand Cannoneer |
| 20:15 | Create | Villager (Male) |
| 20:20 | Build | Siege Workshop |
| 20:50 | Create | Hand Cannoneer |
| 20:50 | Create | Hand Cannoneer |
| 21:06 | Create | Hand Cannoneer |
| 21:07 | Create | Hand Cannoneer |
| 21:45 | Create | Hand Cannoneer |
| 21:45 | Create | Hand Cannoneer |
| 21:46 | Create | Hand Cannoneer |
| 21:57 | Create | Mangonel |
| 22:02 | Build | Town Center |
| 22:04 | Create | Villager (Male) |
| 22:12 | Build | Farm |
| 22:14 | Build | Farm |
| 22:15 | Build | Farm |
| 22:15 | Build | Farm |
| 22:15 | Build | Farm |
| 22:30 | Create | Hand Cannoneer |
| 22:30 | Create | Hand Cannoneer |
| 22:46 | Research | Ballistics |
| 23:38 | Create | Monk |
| 23:59 | Create | Hand Cannoneer |
| 23:59 | Create | Hand Cannoneer |
| 24:00 | Create | Hand Cannoneer |
| 24:27 | Create | Villager (Male) |
| 24:27 | Create | Villager (Male) |
| 24:30 | Build | Archery Range |
| 24:31 | Build | Archery Range |
| 24:36 | Create | Villager (Male) |
| 24:36 | Create | Villager (Male) |
| 24:36 | Create | Villager (Male) |
| 24:56 | Research | Bow Saw |
| 25:21 | Create | Villager (Male) |
| 25:29 | Build | Market |
| 25:40 | Research | Elite Skirmisher (upgrade) |
| 25:50 | Create | Skirmisher |
| 25:51 | Create | Skirmisher |
| 25:51 | Create | Skirmisher |
| 25:52 | Create | Skirmisher |
| 25:53 | Create | Skirmisher |
| 25:54 | Create | Skirmisher |
| 25:55 | Create | Skirmisher |
| 25:57 | Create | Villager (Male) |
| 26:08 | Create | Villager (Male) |
| 26:09 | Create | Villager (Male) |
| 26:13 | Build | Farm |
| 26:16 | Build | Farm |
| 26:21 | Build | Farm |
| 26:26 | Build | Farm |
| 26:36 | Research | Fletching |
| 26:41 | Create | Villager (Male) |
| 26:45 | Create | Villager (Male) |
| 26:48 | Build | Farm |
| 26:51 | Build | Farm |
| 26:55 | Create | Villager (Male) |
| 26:59 | Create | Villager (Male) |
| 27:07 | Build | House |
| 27:17 | Research | Wheelbarrow |
| 27:25 | Build | House |
| 27:26 | Build | House |
| 27:29 | Build | House |
| 27:31 | Build | House |
| 27:41 | Create | Skirmisher |
Build order — XT FeN1x
First 150 of 215 actions detected
| 0:01 | Create | Villager (Male) |
| 0:01 | Create | Villager (Male) |
| 0:01 | Create | Villager (Male) |
| 0:02 | Create | Villager (Male) |
| 0:03 | Build | House |
| 0:05 | Build | House |
| 1:34 | Create | Villager (Male) |
| 2:13 | Create | Villager (Male) |
| 2:59 | Create | Villager (Male) |
| 3:00 | Create | Villager (Male) |
| 3:00 | Create | Villager (Male) |
| 3:00 | Create | Villager (Male) |
| 3:31 | Build | Lumber Camp |
| 3:32 | Create | Villager (Male) |
| 4:09 | Create | Villager (Male) |
| 4:09 | Create | Villager (Male) |
| 4:10 | Create | Villager (Male) |
| 4:24 | Build | House |
| 4:28 | Build | House |
| 4:45 | Create | Villager (Male) |
| 5:08 | Create | Villager (Male) |
| 6:02 | Build | Mill |
| 6:04 | Create | Villager (Male) |
| 6:04 | Create | Villager (Male) |
| 6:04 | Create | Villager (Male) |
| 6:45 | Create | Villager (Male) |
| 6:45 | Create | Villager (Male) |
| 6:46 | Create | Villager (Male) |
| 7:18 | Create | Villager (Male) |
| 7:46 | Create | Villager (Male) |
| 8:05 | Build | Mining Camp |
| 8:28 | Build | Mining Camp |
| 8:35 | Research | Feudal Age |
| 9:30 | Build | House |
| 11:06 | Create | Villager (Male) |
| 11:35 | Build | Market |
| 11:44 | Build | Blacksmith |
| 11:58 | Research | Loom |
| 12:30 | Research | Castle Age |
| 12:30 | Research | Castle Age |
| 13:22 | Research | Double-Bit Axe |
| 13:48 | Research | Horse Collar |
| 14:14 | Build | Farm |
| 14:14 | Build | Farm |
| 14:14 | Build | Farm |
| 14:15 | Build | Farm |
| 14:15 | Build | Farm |
| 14:35 | Create | Villager (Male) |
| 15:01 | Research | Gold Mining |
| 15:17 | Create | Villager (Male) |
| 15:40 | Create | Villager (Male) |
| 15:45 | Build | Farm |
| 15:48 | Build | Farm |
| 15:49 | Build | Farm |
| 15:49 | Build | Farm |
| 15:49 | Build | Farm |
| 15:50 | Build | Farm |
| 15:55 | Create | Villager (Male) |
| 16:20 | Build | Castle |
| 16:35 | Create | Villager (Male) |
| 16:40 | Build | House |
| 16:50 | Build | Farm |
| 16:51 | Build | Farm |
| 16:51 | Build | Farm |
| 16:51 | Build | Farm |
| 17:11 | Create | Villager (Male) |
| 17:12 | Create | Villager (Male) |
| 17:20 | Research | Bow Saw |
| 17:43 | Research | Heavy Plow |
| 18:04 | Create | Villager (Male) |
| 18:17 | Build | Mining Camp |
| 18:19 | Create | Conquistador |
| 18:21 | Create | Conquistador |
| 18:22 | Create | Conquistador |
| 18:34 | Create | Villager (Male) |
| 18:37 | Create | Villager (Male) |
| 18:42 | Build | Farm |
| 18:42 | Build | Farm |
| 18:42 | Build | Farm |
| 18:52 | Create | Conquistador |
| 18:58 | Build | House |
| 19:00 | Build | House |
| 19:06 | Create | Villager (Male) |
| 19:19 | Create | Petard |
| 19:25 | Create | Petard |
| 19:26 | Create | Conquistador |
| 19:59 | Create | Conquistador |
| 20:01 | Create | Villager (Male) |
| 20:03 | Create | Villager (Male) |
| 20:06 | Build | Farm |
| 20:06 | Build | Farm |
| 20:06 | Build | Farm |
| 20:06 | Build | Farm |
| 20:07 | Build | Farm |
| 20:55 | Research | Padded Archer Armor |
| 20:57 | Create | Villager (Male) |
| 20:58 | Create | Villager (Male) |
| 21:00 | Create | Conquistador |
| 21:54 | Create | Conquistador |
| 21:55 | Create | Conquistador |
| 21:55 | Create | Conquistador |
| 21:56 | Create | Villager (Male) |
| 21:56 | Create | Villager (Male) |
| 22:16 | Build | Farm |
| 22:16 | Build | Farm |
| 22:16 | Build | Farm |
| 22:17 | Build | Farm |
| 22:29 | Research | Leather Archer Armor |
| 23:57 | Create | Conquistador |
| 23:57 | Create | Conquistador |
| 23:57 | Create | Conquistador |
| 23:58 | Create | Conquistador |
| 23:58 | Create | Villager (Male) |
| 23:59 | Create | Villager (Male) |
| 23:59 | Create | Villager (Male) |
| 23:59 | Create | Villager (Male) |
| 24:01 | Create | Villager (Male) |
| 24:52 | Build | Barracks |
| 25:34 | Build | Archery Range |
| 25:36 | Build | Archery Range |
| 25:38 | Build | Archery Range |
| 25:56 | Research | Imperial Age |
| 26:03 | Build | Lumber Camp |
| 26:14 | Research | Fletching |
| 26:25 | Research | Elite Skirmisher (upgrade) |
| 26:52 | Research | Bodkin Arrow |
| 26:58 | Create | Skirmisher ×4 |
| 26:59 | Create | Skirmisher |
| 27:00 | Create | Skirmisher |
| 27:32 | Create | Skirmisher ×5 |
| 27:44 | Create | Conquistador |
| 28:03 | Build | Town Center |
| 28:10 | Build | House |
| 28:12 | Build | House |
| 28:13 | Build | House |
| 28:15 | Build | House |
| 28:32 | Build | University |
| 28:41 | Create | Villager (Male) |
| 28:41 | Create | Villager (Male) |
| 28:41 | Create | Villager (Male) |
| 28:41 | Create | Villager (Male) |
| 28:42 | Create | Villager (Male) |
| 28:53 | Build | Town Center |
| 29:00 | Create | Villager (Male) |
| 29:01 | Create | Villager (Male) |
| 29:10 | Create | Skirmisher ×5 |
| 29:14 | Create | Conquistador |
| 29:33 | Create | Trebuchet (Packed) |
| 29:46 | Build | Farm |
| 29:53 | Create | Villager (Male) |
Build order — van_gonzo
First 150 of 177 actions detected
| 0:02 | Create | Villager (Male) |
| 0:02 | Create | Villager (Male) |
| 0:02 | Create | Villager (Male) |
| 0:02 | Create | Villager (Male) |
| 0:05 | Build | House |
| 0:06 | Build | House |
| 1:36 | Create | Villager (Male) |
| 1:54 | Create | Villager (Male) |
| 2:31 | Create | Villager (Male) |
| 3:01 | Create | Villager (Male) |
| 3:18 | Create | Villager (Male) |
| 3:54 | Build | Lumber Camp |
| 3:58 | Create | Villager (Male) |
| 4:11 | Create | Villager (Male) |
| 4:27 | Build | House |
| 4:29 | Build | House |
| 4:47 | Create | Villager (Male) |
| 5:11 | Create | Villager (Male) |
| 5:24 | Create | Villager (Male) |
| 6:08 | Create | Villager (Male) |
| 6:11 | Create | Villager (Male) |
| 6:38 | Create | Villager (Male) |
| 7:05 | Create | Villager (Male) |
| 8:00 | Create | Villager (Male) |
| 8:01 | Create | Villager (Male) |
| 8:49 | Build | Mill |
| 9:12 | Create | Villager (Male) |
| 9:25 | Research | Feudal Age |
| 9:26 | Research | Feudal Age |
| 9:47 | Build | House |
| 9:50 | Build | House |
| 9:58 | Build | Mining Camp |
| 10:26 | Build | Mining Camp |
| 11:32 | Create | Villager (Male) ×5 |
| 11:47 | Age | Feudal Age |
| 11:59 | Build | Market |
| 12:04 | Build | Blacksmith |
| 12:15 | Build | Farm |
| 13:05 | Build | Farm |
| 13:38 | Build | Farm |
| 13:38 | Build | Farm |
| 13:55 | Research | Castle Age |
| 13:58 | Build | Farm |
| 14:13 | Build | Farm |
| 15:31 | Research | Horse Collar |
| 15:32 | Research | Double-Bit Axe |
| 15:44 | Build | House |
| 15:45 | Build | House |
| 15:47 | Build | House |
| 16:02 | Create | Villager (Male) |
| 16:02 | Create | Villager (Male) |
| 16:35 | Age | Castle Age |
| 16:40 | Build | Town Center |
| 16:50 | Build | Farm |
| 17:03 | Build | Farm |
| 17:12 | Create | Villager (Male) |
| 17:30 | Build | Monastery |
| 17:42 | Build | Farm |
| 17:42 | Build | Farm |
| 17:42 | Build | Farm |
| 17:46 | Create | Villager (Male) |
| 18:12 | Research | Heavy Plow |
| 18:20 | Research | Bow Saw |
| 18:27 | Create | Monk |
| 18:59 | Create | Villager (Male) |
| 18:59 | Create | Villager (Male) |
| 18:59 | Create | Villager (Male) |
| 18:59 | Create | Villager (Male) |
| 19:08 | Build | Farm |
| 19:14 | Create | Villager (Male) |
| 19:22 | Build | Farm |
| 19:24 | Build | Farm |
| 19:44 | Build | Castle |
| 19:50 | Build | Barracks |
| 20:05 | Build | Mining Camp |
| 20:24 | Build | Farm |
| 20:29 | Create | Villager (Male) |
| 20:29 | Create | Villager (Male) |
| 20:29 | Create | Villager (Male) |
| 20:30 | Create | Villager (Male) |
| 20:30 | Create | Villager (Male) |
| 20:31 | Create | Villager (Male) |
| 21:03 | Create | Villager (Male) |
| 21:03 | Create | Villager (Male) |
| 21:20 | Research | Wheelbarrow |
| 21:42 | Research | Gold Mining |
| 21:50 | Create | Villager (Male) |
| 21:51 | Create | Villager (Male) |
| 21:51 | Create | Villager (Male) |
| 21:51 | Create | Villager (Male) |
| 21:51 | Create | Villager (Male) |
| 22:03 | Build | Farm |
| 22:16 | Build | Lumber Camp |
| 22:21 | Build | Farm |
| 22:59 | Build | House |
| 23:00 | Build | House |
| 23:01 | Build | House |
| 23:03 | Build | House |
| 23:04 | Build | House |
| 23:06 | Build | House |
| 23:07 | Build | House |
| 23:09 | Build | House |
| 23:11 | Build | House |
| 23:21 | Build | Siege Workshop |
| 23:27 | Build | Siege Workshop |
| 23:39 | Create | Villager (Male) |
| 23:39 | Create | Villager (Male) |
| 24:11 | Build | Farm |
| 24:11 | Build | Farm |
| 24:11 | Build | Farm |
| 24:17 | Build | Farm |
| 24:40 | Build | Stable |
| 25:04 | Build | Farm |
| 25:07 | Research | Imperial Age |
| 25:07 | Research | Imperial Age |
| 25:11 | Research | Town Watch |
| 25:11 | Research | Town Watch |
| 25:31 | Research | Forging |
| 25:35 | Research | Squires |
| 25:52 | Build | Stable |
| 25:57 | Build | Barracks |
| 26:09 | Build | House |
| 26:11 | Build | House |
| 26:13 | Build | House |
| 26:15 | Build | House |
| 26:16 | Build | House |
| 26:17 | Build | House |
| 26:26 | Create | Villager (Male) ×5 |
| 27:11 | Create | Villager (Male) |
| 27:11 | Create | Villager (Male) |
| 27:24 | Create | Villager (Male) |
| 27:34 | Build | Stable |
| 27:40 | Build | Siege Workshop |
| 27:50 | Research | Arson |
| 27:55 | Research | Pikeman (upgrade) |
| 28:17 | Age | Imperial Age |
| 28:18 | Research | Conscription |
| 28:18 | Research | Conscription |
| 28:19 | Research | Conscription |
| 28:20 | Research | Crop Rotation |
| 28:25 | Research | Scale Mail Armor |
| 28:26 | Research | Iron Casting |
| 28:32 | Create | Villager (Male) |
| 28:33 | Create | Villager (Male) |
| 28:36 | Create | Villager (Male) |
| 28:41 | Create | Villager (Male) |
| 28:51 | Build | Farm |
| 28:52 | Build | Farm |
| 28:58 | Build | Farm |
| 28:59 | Build | Farm |
Build order — Ansscar
First 150 of 314 actions detected
| 0:03 | Build | House |
| 0:05 | Build | House |
| 0:06 | Create | Villager (Male) |
| 0:06 | Create | Villager (Male) |
| 0:07 | Create | Villager (Male) |
| 0:07 | Create | Villager (Male) |
| 0:07 | Create | Villager (Male) |
| 1:36 | Create | Villager (Male) |
| 1:37 | Create | Villager (Male) |
| 2:01 | Create | Villager (Male) |
| 2:37 | Create | Villager (Male) |
| 3:00 | Create | Villager (Male) |
| 3:10 | Build | Lumber Camp |
| 3:18 | Create | Villager (Male) |
| 3:18 | Create | Villager (Male) |
| 3:35 | Create | Villager (Male) |
| 3:58 | Build | House |
| 4:15 | Create | Villager (Male) |
| 4:35 | Create | Villager (Male) |
| 4:59 | Create | Villager (Male) |
| 5:20 | Build | Mill |
| 5:21 | Create | Villager (Male) |
| 5:44 | Build | House |
| 5:58 | Create | Villager (Male) |
| 6:17 | Create | Villager (Male) |
| 6:32 | Create | Villager (Male) |
| 6:33 | Research | Loom |
| 7:22 | Research | Feudal Age |
| 8:01 | Create | Villager (Male) |
| 8:19 | Create | Villager (Male) |
| 9:48 | Age | Feudal Age |
| 9:51 | Build | Blacksmith |
| 9:57 | Build | Market |
| 10:18 | Build | Mining Camp |
| 10:38 | Build | Market |
| 10:44 | Create | Villager (Male) |
| 10:45 | Create | Villager (Male) |
| 10:48 | Create | Villager (Male) |
| 11:06 | Build | House |
| 11:42 | Create | Villager (Male) |
| 12:00 | Build | Mining Camp |
| 12:09 | Create | Villager (Male) |
| 12:17 | Create | Villager (Male) |
| 12:26 | Build | House |
| 12:43 | Create | Villager (Male) |
| 13:06 | Research | Castle Age |
| 13:18 | Research | Horse Collar |
| 13:45 | Build | Farm |
| 13:50 | Build | Farm |
| 13:59 | Build | Farm |
| 14:05 | Build | Farm |
| 14:11 | Build | Farm |
| 14:17 | Build | Farm |
| 14:23 | Build | Farm |
| 14:31 | Build | Farm |
| 14:35 | Build | Farm |
| 14:39 | Create | Villager (Male) |
| 14:39 | Create | Villager (Male) |
| 14:46 | Build | Farm |
| 14:59 | Build | Farm |
| 15:07 | Build | Farm |
| 15:20 | Research | Double-Bit Axe |
| 15:37 | Build | Farm |
| 15:40 | Build | Farm |
| 15:43 | Build | Farm |
| 16:19 | Age | Castle Age |
| 16:19 | Create | Villager (Male) |
| 16:21 | Create | Villager (Male) |
| 16:25 | Build | Town Center |
| 17:30 | Build | House |
| 17:37 | Create | Villager (Male) |
| 17:40 | Create | Villager (Male) |
| 18:21 | Create | Villager (Male) |
| 18:21 | Create | Villager (Male) |
| 18:36 | Build | Town Center |
| 18:42 | Create | Villager (Male) |
| 18:48 | Create | Villager (Male) |
| 18:48 | Create | Villager (Male) |
| 18:49 | Create | Villager (Male) |
| 18:57 | Build | Monastery |
| 19:03 | Create | Villager (Male) |
| 19:03 | Create | Villager (Male) |
| 19:03 | Create | Villager (Male) |
| 19:20 | Build | Farm |
| 19:25 | Create | Villager (Male) |
| 19:38 | Create | Villager (Male) |
| 19:40 | Build | House |
| 19:41 | Build | House |
| 19:49 | Build | Farm |
| 19:50 | Build | Farm |
| 19:51 | Build | Farm |
| 19:52 | Create | Villager (Male) |
| 19:53 | Create | Monk |
| 20:06 | Research | Wheelbarrow |
| 20:08 | Build | House |
| 20:27 | Build | House |
| 20:27 | Build | House |
| 20:29 | Build | House |
| 20:31 | Build | House |
| 20:34 | Create | Villager (Male) |
| 20:34 | Create | Villager (Male) |
| 20:34 | Create | Villager (Male) |
| 20:35 | Create | Villager (Male) |
| 20:35 | Create | Villager (Male) |
| 20:40 | Create | Villager (Male) |
| 20:52 | Create | Villager (Male) |
| 21:07 | Create | Villager (Male) |
| 21:14 | Create | Villager (Male) |
| 21:19 | Build | Farm |
| 21:21 | Build | Farm |
| 21:22 | Build | Farm |
| 21:24 | Create | Villager (Male) |
| 21:26 | Create | Villager (Male) |
| 21:53 | Create | Villager (Male) |
| 21:55 | Create | Villager (Male) |
| 21:56 | Create | Villager (Male) |
| 22:10 | Create | Villager (Male) |
| 22:25 | Research | Gold Mining |
| 22:27 | Create | Villager (Male) |
| 22:32 | Build | Farm |
| 22:32 | Build | Farm |
| 22:34 | Build | Farm |
| 22:58 | Build | House |
| 23:00 | Build | House |
| 23:01 | Create | Monk |
| 23:12 | Create | Villager (Male) |
| 23:16 | Build | Castle |
| 23:23 | Create | Villager (Male) |
| 23:27 | Create | Villager (Male) |
| 23:27 | Create | Villager (Male) |
| 23:27 | Create | Villager (Male) |
| 23:47 | Create | Villager (Male) |
| 23:52 | Build | Farm |
| 23:53 | Build | Farm |
| 23:54 | Build | Farm |
| 23:55 | Build | Farm |
| 23:57 | Build | Farm |
| 23:58 | Build | Farm |
| 24:25 | Build | Barracks |
| 24:29 | Create | Villager (Male) |
| 24:29 | Create | Villager (Male) |
| 24:30 | Research | Hand Cart |
| 24:32 | Create | Villager (Male) |
| 24:33 | Create | Villager (Male) |
| 24:33 | Create | Villager (Male) |
| 24:36 | Create | Villager (Male) |
| 25:06 | Create | Petard |
| 25:06 | Create | Petard |
| 25:07 | Create | Petard |
| 25:07 | Create | Petard |
Match timeline
| 9:48 | Ansscar · age_up feudal |
| 10:55 | Kick90s · age_up feudal |
| 11:26 | Kick90s · first_building Barracks |
| 11:47 | van_gonzo · age_up feudal |
| 12:24 | Kick90s · first_building Stable |
| 12:30 | Kick90s · first_building Archery Range |
| 13:03 | Ansscar · first_market_sell 100 food |
| 13:49 | van_gonzo · first_market_sell 100 wood |
| 16:07 | Kick90s · age_up castle |
| 16:18 | Kick90s · first_building Monastery |
| 16:19 | Ansscar · age_up castle |
| 16:20 | XT FeN1x · first_building Castle |
| 16:35 | van_gonzo · age_up castle |
| 17:30 | van_gonzo · first_building Monastery |
| 17:33 | XT FeN1x · first_market_buy 100 food |
| 18:57 | Ansscar · first_building Monastery |
| 19:44 | van_gonzo · first_building Castle |
| 19:50 | van_gonzo · first_building Barracks |
| 20:20 | Kick90s · first_building Siege Workshop |
| 21:47 | van_gonzo · first_market_buy 100 food |
| 23:16 | Ansscar · first_building Castle |
| 23:21 | van_gonzo · first_building Siege Workshop |
| 24:25 | Ansscar · first_building Barracks |
| 24:40 | van_gonzo · first_building Stable |
| 24:52 | XT FeN1x · first_building Barracks |
| 25:20 | Ansscar · first_building Stable |
| 25:34 | XT FeN1x · first_building Archery Range |
| 26:58 | Ansscar · first_market_buy 100 food |
| 28:17 | van_gonzo · age_up imperial |
| 29:29 | Kick90s · first_market_buy 100 food |
| 33:17 | Kick90s · age_up imperial |
| 34:09 | Kick90s · first_building Castle |
| 35:34 | Ansscar · first_building Siege Workshop |
| 35:36 | Kick90s · resign |
[ AI ANALYSIS · 1 CREDIT ]
What really happened in this match?
Wolo.gg analyzes every decision: build order, eco, micro, common mistakes by bracket. Personalized analysis on WhatsApp or Discord in 30 seconds.
Civ guide
Bohemians
Perfil
Jugador #16392299